 Dungeon Crawl Stone Soup version 0.31-a0-818-ge7c7cf74f0 (webtiles) character file.

Game seed: 2341160383247537173

4 Kurtz the Shield-Bearer (level 1, 2/16 HPs)
             Began as an Octopode Fighter on Sept 23, 2023.
             Quit the game on level 1 of the Dungeon.
             The game lasted 00:00:07 (48 turns).

Kurtz the Shield-Bearer (Octopode Fighter)            Turns: 48, Time: 00:00:08

Health: 2/16       AC:  1    Str: 15    XL:     1   Next: 70%
Magic:  1/1        EV: 13    Int: 10    God:
Gold:   0          SH:  4    Dex: 11    Spells: 0/0 levels left

rFire   . . .        a - +0 war axe
rCold   . . .        b - +0 buckler
rNeg    . . .        (helmet restricted)
rPois   .            (no amulet)
rElec   .            (no ring)
rCorr   .            (no ring)
SInv    .            (no ring)
Will    .....        (no ring)
Stlth   ++           (no ring)
HPRegen 0.22/turn    (no ring)
MPRegen 0.07/turn    (no ring)
                     (no ring)

%: no passive effects
@: lethally poisoned (2 -> -2), invisible
A: almost no armour, amphibious, 8 rings, camouflage 1, gelatinous body 1,
(nimble swimmer 1), tentacles
a: no special abilities


You were on level 1 of the Dungeon.
You visited 1 branch of the dungeon, and saw 1 of its levels.

Inventory:

Hand Weapons
 a - a +0 war axe (weapon)
Armour
 b - a +0 buckler (worn)
Scrolls
 e - a scroll of revelation {unknown}
Potions
 c - 2 potions of might
 d - a potion of invisibility


   Skills:
 - Level 3.0 Fighting
 * Level 2.4 Axes
 - Level 3.0 Dodging
 - Level 3.0 Shields


You couldn't memorise any spells.
You didn't know any spells.
Your spell library was empty.

Dungeon Overview and Level Annotations

Branches:
Dungeon (1/15)

Altars:


Innate Abilities, Weirdness & Mutations

You cannot wear most types of armour.
You are amphibious.
You can wear up to eight rings at the same time.
Your skin changes colour to match your surroundings (Stealth+).
Your rubbery body absorbs attacks. (AC +1, EV +1)
((You are camouflaged when in or above water. (Stealth+)))
You have tentacles for arms and can constrict up to eight enemies at once.


Message History

A hobgoblin is nearby!
You barely miss the hobgoblin. You grab the hobgoblin.
You squeeze the hobgoblin.
You kill the hobgoblin!
No target in view!
e - a scroll labelled VEMMO UPEXU No target in view! 2 giant cockroaches come into view.
A kobold comes into view. It is wielding a +0 dagger of venom.
Found a scroll labelled QAODUB GEADES, a robe and a sling.
The kobold shouts!
You hear a bark!
There are monsters nearby!
Found a pair of boots.
The giant cockroach bites you but does no damage.
There are monsters nearby!
You slash the giant cockroach!
You kill the giant cockroach!
The kobold hits you with a +0 dagger of venom.
You are lethally poisoned!
There is a lethal amount of poison in your body!
You hit the kobold.
You kill the kobold!
You feel very sick.
There is a lethal amount of poison in your body!
You are too injured to fight recklessly!
There is a lethal amount of poison in your body!
You are too injured to fight recklessly!
You are too injured to fight recklessly!
There is a lethal amount of poison in your body!
Unknown command.
You are too injured to fight recklessly!
It was a potion of invisibility.
You fade into invisibility!
You feel sick.
You slash the giant cockroach!
You kill the giant cockroach!
* * * LOW HITPOINT WARNING * * *
You feel very sick.
Unknown command.
Are you sure you want to abandon this character and quit the game? (Confirm with "yes".)

......................#...#
#.†......##########.>.##
#........# #..........).
###........# #.##........<
............# #............
####........###############
#.........[....
#........###.# #......@.#
#......).# ..........?.
#............#
.............#
#...).?..[...#
.[..........# ...####.....#


There were no monsters in sight!

Vanquished Creatures
  2 giant cockroaches (D:1)
  A hobgoblin (D:1)
  A kobold (D:1)
4 creatures vanquished.

Notes
Turn   | Place    | Note
-------+----------+-------------------------------------------
     0 | D:1      | Kurtz the Octopode Fighter began the quest for the Orb.
     0 | D:1      | Reached XP level 1. HP: 16/16 MP: 1/1
    48 | D:1      | Quit the game

Illustrated notes

Levels and vault maps discovered:
D:1:      amcnicky_arrival_blooded_trapdoor, layout_basic,
          hellmonk_ecumenical_altar_leap_of_faith, st_stairs_11

Action                     || total
---------------------------++-------
  Melee: War axe           ||     4
         Constrict         ||     1
         Tentacles         ||     1
    Use: Potion            ||     1
 Armour: Skin              ||     3

Table legend: (Time is in decaauts)
 A = Elapsed time spent in this place.
 B = Non-inter-level travel time spent in this place.
 C = Inter-level travel time spent in this place.
 D = Time resting spent in this place.
 E = Time spent auto-exploring this place.
 F = Levels seen in this place.
 G = Mean time per level.
                   A        B        C        D        E       F      G
               +--------+--------+--------+--------+--------+-----+--------+
         Total |     49 |     49 |      0 |      0 |     32 |   1 |   49.0 |
       Dungeon |     49 |     49 |      0 |      0 |     32 |   1 |   49.0 |
               +--------+--------+--------+--------+--------+-----+--------+

Top non-repeatable levels by time:
     D:1: 49 daAuts
